 Dungeon Crawl Stone Soup version 0.22.1-2-g9c5b331383 (webtiles) character file.

142 Descartes the Insei (level 5, 0/33 HPs)
             Began as an Octopode Transmuter on Nov 26, 2018.
             Was an Initiate of Dithmenos.
             Slain by rumpelstilzz's ghost (7 damage)
             ... on level 4 of the Dungeon.
             The game lasted 00:10:54 (3842 turns).

Descartes the Insei (Octopode Transmuter)           Turns: 3842, Time: 00:10:55

Health: 0/33       AC:  1    Str:  9    XL:     5   Next: 25%
Magic:  4/8        EV: 14    Int: 14    God:    Dithmenos [......]
Gold:   111        SH:  0    Dex: 13    Spells: 6/9 levels left

rFire    + . .     SeeInvis .     - Unarmed
rCold    . . .     Gourm    .   (no shield)
rNeg     . . .     Faith    .   (helmet restricted)
rPois    +         Spirit   .   (no amulet)
rElec    .         Reflect  .   k - -2 ring of intelligence (curse)
rCorr    .         Harm     .   l - ring of poison resistance
MR       .....                  j - ring of protection from fire
Stlth    +++.......             (no ring)
HPRegen  0.11/turn              (no ring)
MPRegen  0.11/turn              (no ring)
                                (no ring)
                                (no ring)

@: appendage (expiring)
A: almost no armour, stealthy swim, amphibious, 8 rings, constrict 8, tentacle
spike 3, camouflage 1, gelatinous body 1
a: End Transformation, Renounce Religion


You were on level 4 of the Dungeon.
You worshipped Dithmenos.
Dithmenos was noncommittal.
You were not hungry.
One of your tentacles had a temporary spike.
You visited 1 branch of the dungeon, and saw 4 of its levels.

You collected 111 gold pieces.

Inventory:

Hand Weapons
 b - a +0 hunting sling
Missiles
 a - 27 arrows
 g - 59 sling bullets
 m - 12 javelins
 p - 72 stones
 x - 4 tomahawks (quivered)
Jewellery
 j - a ring of protection from fire (on tentacle)
 k - a cursed -2 ring of intelligence (left tentacle)
 l - a ring of poison resistance (right tentacle)
Scrolls
 d - 3 scrolls of blinking
 e - a scroll of enchant weapon
 f - 2 scrolls of identify
 i - a scroll of enchant armour
 n - 2 scrolls of teleportation
 s - a scroll of amnesia
 t - a scroll of magic mapping
 v - a scroll of immolation {unknown}
 w - a scroll of fog {unknown}
Potions
 h - 3 potions of curing
 o - a potion of berserk rage
 q - a potion of haste
 r - a potion of flight {unknown}
Comestibles
 c - 8 rations
 u - 2 chunks of flesh


   Skills:
 - Level 1.0 Fighting
 + Level 2.8 Dodging
 + Level 2.7 Stealth
 + Level 3.6 Unarmed Combat
 + Level 2.5 Spellcasting
 * Level 3.3 Transmutations


You had 6 spell levels left.
You knew the following spells:

 Your Spells              Type           Power        Failure   Level  Hunger
a - Beastly Appendage     Tmut           ##....       5%          1    #......
b - Sticks to Snakes      Tmut           ##......     9%          2    ###....

Your spell library contained the following spells:

 Spells                   Type           Power        Failure   Level  Hunger
 Spider Form              Tmut/Pois      #.........   34%         3    ###....
 Ice Form                 Ice/Tmut       #.......     75%         4    #####..
 Blade Hands              Tmut           ##........   83%         5    ######.


Dungeon Overview and Level Annotations

Branches:
Dungeon (4/15)
 Temple: D:4-7

Altars:
Ashenzari
Cheibriados
Dithmenos

Annotations:
D:4 rumpelstilzz's ghost, amateur OpTm


Innate Abilities, Weirdness & Mutations

You cannot wear most types of armour.
You are very stealthy in the water. (Stealth+)
You are amphibious.
You can wear up to eight rings at the same time.
You can use your tentacles to constrict eight enemies at once.
Your skin changes colour to match your surroundings (Stealth+).
Your rubbery body absorbs attacks. (AC +1, EV +1)
One of your tentacles bears a large vicious spike.


Message History

Your squeeze misses rumpelstilzz's ghost.
Rumpelstilzz's ghost is moderately damaged.
Your transformation is almost over.
Your adder closely misses rumpelstilzz's ghost.
Rumpelstilzz's ghost hits you.
* * * LOW HITPOINT WARNING * * *
Your ball python misses rumpelstilzz's ghost.
What are your orders? t - Shout!
Orders for allies: a - Attack new target. r - Retreat! s - Stop attacking. g - Guard the area. f - Follow me.
Anything else - Cancel.
Gang up on whom?
Press: ? - help, Dir - move target cursor, f - rumpelstilzz's ghost
Aim: rumpelstilzz's ghost (moderately damaged) Attack!
Your adder bites rumpelstilzz's ghost.
Your ball python closely misses rumpelstilzz's ghost.
Rumpelstilzz's ghost hits you!
You die...

.....'.......................+
.....####...###.#######...####
<..<## ##..# #.# ##..# ...##
##.###.# ##.# ..## #.)...# #.#
+## ###.### ####.# #.###
#....# #...## #.#### #.#.@# #
#####W# #P.#SS# #8$'..#
#P.#.## ######


You could see rumpelstilzz's ghost, a friendly adder and a friendly ball python.

Vanquished Creatures
  Terence (D:2)
  An adder (D:2)
  2 worms
  A dart slug (D:1)
  A leopard gecko (D:3)
  An orc (D:3)
  2 giant cockroaches (D:3)
  8 goblins
  9 hobgoblins
  5 kobolds
  A quokka (D:3)
  3 ball pythons
  5 bats
  6 frilled lizards
  A quokka skeleton (D:4)
  6 rats
53 creatures vanquished.

Vanquished Creatures (collateral kills)
  An ogre (D:4)
  An adder skeleton (D:4)
2 creatures vanquished.

Grand Total: 55 creatures vanquished

Notes
Turn   | Place    | Note
-------+----------+-------------------------------------------
     0 | D:1      | Descartes the Octopode Transmuter began the quest for the
                  | Orb.
     0 | D:1      | Reached XP level 1. HP: 13/13 MP: 3/3
    74 | D:1      | Reached XP level 2. HP: 18/18 MP: 3/5
    75 | D:1      | Reached skill level 1 in Stealth
   440 | D:1      | Reached XP level 3. HP: 10/23 MP: 4/6
   740 | D:1      | Found a snail-covered altar of Cheibriados.
  1467 | D:2      | Noticed Terence
  1481 | D:2      | Killed Terence
  1481 | D:2      | Reached XP level 4. HP: 13/28 MP: 7/7
  2089 | D:2      | Learned a level 2 spell: Sticks to Snakes
  2464 | D:3      | Found a shattered altar of Ashenzari.
  2535 | D:3      | Found a shadowy altar of Dithmenos.
  3277 | D:3      | Became a worshipper of Dithmenos the Shadowed
  3668 | D:4      | Noticed an ogre
  3690 | D:4      | Killed an ogre
  3690 | D:4      | Reached XP level 5. HP: 33/33 MP: 2/8
  3759 | D:4      | Found a runed door.
  3760 | D:4      | Noticed rumpelstilzz's ghost (amateur OpTm)
  3842 | D:4      | Slain by rumpelstilzz's ghost

Skill      XL: |  1  2  3  4 |
---------------+-------------+-----
Stealth        | 1 2 |  2.7
Transmutations | 3 |  3.3
Fighting       | |  1.0
Dodging        | |  2.8
Unarmed Combat | |  3.6
Spellcasting   | |  2.5

Action                   |  1- 3 |  4- 6 || total
-------------------------+-------+-------++-------
Melee: Unarmed           |    62 |    56 ||   118
       Constrict         |    17 |    14 ||    31
       Kick              |    11 |     8 ||    19
       Tentacles         |    11 |     9 ||    20
       Punch             |     2 |     2 ||     4
 Cast: Beastly Appendage |    16 |    19 ||    35
       Sticks to Snakes  |       |     5 ||     5
  Use: Scroll            |     5 |     4 ||     9
 Stab: Sleeping          |     6 |     8 ||    14
  Eat: Chunk             |     1 |     9 ||    10
Armor: Skin              |     2 |     4 ||     6
Dodge: Dodged            |    27 |    34 ||    61
